 Dungeon Crawl Stone Soup version 0.17-a0-477-g451446c (webtiles) character file.

106 inmateoo the Insei (level 4, -7/26 HPs)
             Began as a Tengu Transmuter on Apr 7, 2015.
             Mangled by a mummy (10 damage)
             ... in an ossuary.
             The game lasted 00:04:57 (3327 turns).

inmateoo the Insei (Tengu Transmuter)               Turns: 3327, Time: 00:04:58

Health: -7/26      AC:  7    Str: 10    XL:     4   Next: 84%
Magic:  1/8        EV: 11    Int: 14    God:
Gold:   183        SH:  0    Dex: 15    Spells: 3 memorised, 1 level left

rFire  . . .     SeeInvis .       - Unarmed
rCold  . . .     Clarity  .     m - +1 ring mail
rNeg   . . .     SustAb   .     (no shield)
rPois  .         Gourm    .     (helmet restricted)
rElec  .         Spirit   .     (no cloak)
rCorr  .         Warding  .     l - +0 pair of gloves
rMut   .         Stasis   +     (boots unavailable)
MR     .....                    n - amulet of stasis (curse)
Stlth  +.........               (no ring)
                                (no ring)

@: appendage, very slightly contaminated, not resistant to hostile enchantments,
very unstealthy
A: beak, horns 2, talons 3
a: End Transformation


You were in an ossuary.
You were not hungry.
You had grown temporary horns.
You visited 1 branch of the dungeon, and saw 4 of its levels.
You also visited: Ossuary.

You collected 183 gold pieces.

Inventory:

Missiles
 b - 10 arrows
Armour
 l - a +0 pair of gloves (worn)
 m - a +1 ring mail (worn)
Jewellery
 n - a cursed amulet of stasis (around neck)
 v - a cursed ring of wizardry {unknown}
Scrolls
 h - a scroll of recharging
 q - a scroll of fear {unknown}
 r - a scroll of teleportation
Potions
 c - 2 potions of haste {unknown}
 e - 3 potions of agility {unknown}
 f - a potion of cure mutation {unknown}
 i - a potion of resistance {unknown}
 j - a potion of might {unknown}
 k - 4 potions of heal wounds {unknown}
 o - a potion of poison {unknown}
 p - a potion of cancellation {unknown}
 s - a potion of mutation {unknown}
 t - a potion of beneficial mutation {unknown}
 w - a potion of restore abilities {unknown}
Books
 d - a book of Changes

   Spells                             Type                      Level
   a - Beastly Appendage              Transmutation                1
   b - Sticks to Snakes               Transmutation                2
   c - Spider Form                    Transmutation/Poison         3
   d - Ice Form                       Ice/Transmutation            4
   e - Blade Hands                    Transmutation                5
Comestibles
 a - 2 bread rations
 g - 2 meat rations
 u - 3 fruits


   Skills:
 + Level 1.9 Fighting
 + Level 3.0 Dodging
 * Level 4.1 Unarmed Combat
 + Level 2.3 Spellcasting
 * Level 2.3 Transmutations


You had one spell level left.
You knew the following spells:

 Your Spells              Type           Power        Failure   Level  Hunger
a - Beastly Appendage     Trmt           #.....       28%         1    #......
b - Sticks to Snakes      Trmt           #.........   38%         2    ###....
c - Spider Form           Trmt/Pois      #.........   94%         3    ###....


Dungeon Overview and Level Annotations

Branches:
Dungeon (4/15)
 Temple: D:4-7

Altars:
Fedhas
Okawaru
Xom


Innate Abilities, Weirdness & Mutations

You have a beak for a mouth.
You have claws for feet.
You have a pair of horns on your head.


Message History

Casting: Sticks to Snakes
Confirm with . or Enter, or press ? or * to list all spells.
You grow a pair of large bovine horns.
Your ring mail prevents you from hitting the mummy.
You claw the mummy, but do no damage. Your headbutt misses the mummy.
The mummy hits you but does no damage.
You hit the mummy. You peck the mummy, but do no damage.
The mummy is moderately damaged.
You hit the mummy but do no damage. You claw the mummy. You peck the mummy.
The mummy is heavily damaged.
The mummy hits you!
* * * LOW HITPOINT WARNING * * *
You closely miss the mummy.
The mummy is heavily damaged.
Drink which item? (? for menu, Esc to quit)
Okay, then.
You hit the mummy but do no damage.
The mummy is heavily damaged.
The mummy hits you!
You die...

#########
###.......#+#+
##....@.........
#.....M.........
#.....∩.∩.......
#..............
##.............
###.......#+#+
#########


You could see a mummy.

Vanquished Creatures
  A mummy (Ossuary)
  An adder (D:3)
  5 giant geckos
  8 bats
  10 goblins
  9 hobgoblins
  8 kobolds
  3 quokkas
  2 giant cockroaches
  2 giant newts
  9 jackals
  A quokka zombie (D:4)
  5 rats
  A rat zombie (D:4)
65 creatures vanquished.

Vanquished Creatures (collateral kills)
  A mummy (Ossuary)
  A worm (D:2)
2 creatures vanquished.

Grand Total: 67 creatures vanquished

Notes
Turn   | Place    | Note
--------------------------------------------------------------
     0 | D:1      | inmateoo, the Tengu Transmuter, began the quest for the Orb.
     0 | D:1      | Reached XP level 1. HP: 12/12 MP: 4/4
   410 | D:1      | Reached XP level 2. HP: 14/16 MP: 6/6
   414 | D:1      | Learned a level 2 spell: Sticks to Snakes
  1257 | D:2      | Reached XP level 3. HP: 16/20 MP: 5/7
  1623 | D:2      | Learned a level 3 spell: Spider Form
  2056 | D:2      | Found a blossoming altar of Fedhas.
  2563 | D:3      | Reached XP level 4. HP: 25/25 MP: 5/8
  2764 | D:3      | Reached skill level 4 in Unarmed Combat
  3104 | D:4      | Found a shimmering altar of Xom.
  3105 | D:4      | Found a shimmering altar of Xom.
  3110 | D:4      | Found a shimmering altar of Xom.
  3110 | D:4      | Found a shimmering altar of Xom.
  3111 | D:4      | Found a shimmering altar of Xom.
  3261 | D:4      | Found an iron altar of Okawaru.
  3288 | D:4      | Found a sand-covered staircase.
  3306 | Ossuary  | Entered an ossuary
  3327 | Ossuary  | Mangled by a mummy

Action                   |  1- 3 |  4- 6 || total
-------------------------+-------+-------++-------
Melee: Unarmed           |   113 |    76 ||   189
 Cast: Beastly Appendage |    16 |     2 ||    18
       Sticks to Snakes  |     1 |     1 ||     2
  Use: Scroll            |     8 |       ||     8
  Eat: Chunk             |     4 |     4 ||     8
